 Dungeon Crawl Stone Soup version 0.16.0-12-g7215832 (webtiles) character file.

361937 timbw the Bludgeoner (level 23, -40/180 HPs)
             Began as a Human Arcane Marksman on Mar 19, 2015.
             Was the Champion of Jiyva.
             Killed from afar by an orb of fire (47 damage)
             ... with a bolt of fire
             ... on level 5 of the Realm of Zot.
             The game lasted 02:18:49 (26854 turns).

timbw the Bludgeoner (Human Arcane Marksman)       Turns: 26854, Time: 02:18:49

Health: -40/180    AC: 27    Str: 15    XL:     23   Next: 9%
Magic:  20/39      EV: 32    Int: 19    God:    Jiyva [******]
Gold:   1475       SH: 15    Dex: 19    Spells: 11 memorised, 5 levels left

rFire  + . .     SeeInvis +     S - +5 demon whip (elec)
rCold  + . .     Clarity  .     J - +3 troll leather armour
rNeg   + . .     SustAb   .     n - +1 shield {AC+3}
rPois  +         Gourm    +     x - +2 hat "Shroplevear" {rF+ rCorr Stlth+}
rElec  +         Spirit   .     w - +2 cloak {MR+}
rCorr  +         Warding  .     Q - +0 pair of gloves {Str+3}
rMut   .         Stasis   .     M - +0 pair of boots
MR     ++++.                    L - amulet of Xom's Bemusement {Gourm rPois Str+2}
Stlth  +++.......               s - ring of Interdependent Arising {rElec rC+ rN+ MR++ Dex-3 SInv}
                                D - ring of Robustness {AC+8}

@: mighty, about to teleport, phasing, very slightly contaminated, regenerating
(expiring), hasted, repel missiles, very quick, incredibly resistant to hostile
enchantments, fairly stealthy
A: fangs 1, talons 1, poison resistance, electricity resistance, slow healing 1,
weak 1, wild magic 1, acidic bite, eyeballs 1, translucent skin 2
a: Request Jelly, Jelly Paralyse, Slimify, Cure Bad Mutation, Renounce Religion
}: 3/15 runes: decaying, serpentine, slimy


You were on level 5 of the Realm of Zot.
You worshipped Jiyva.
Jiyva was exalted by your worship.
You were not hungry.

You visited 10 branches of the dungeon, and saw 57 of its levels.
You visited 1 ziggurat, and saw 4 of its levels.
You also visited: Ice Cave, Volcano and Wizlab.

You collected 3654 gold pieces.
You spent 2179 gold pieces at shops.

Inventory:

Hand weapons
 S - a +5 demon whip of electrocution (weapon)
Missiles
 b - 8 throwing nets (quivered)
Armour
 n - a +1 shield of protection (worn)
 w - a +2 cloak of magic resistance (worn)
 x - the +2 hat "Shroplevear" (worn) {rF+ rCorr Stlth+}
   (You found it in an ice cave)

   It protects you from fire.
   It protects you from acid and corrosion.
   It makes you more stealthy.
 J - a +3 troll leather armour (worn)
 M - a +0 pair of boots (worn)
 Q - a +0 pair of gloves of strength (worn)
Jewellery
 d - an uncursed ring of protection from fire
 p - the ring "Sieth" {rC++ MP-9 Dex+2 SInv}
   (You took it off a deep elf blademaster on level 3 of the Elven Halls)

   [ring of see invisible]

   It affects your dexterity (+2).
   It greatly protects you from cold.
   It affects your magic capacity (-9).
   It enhances your eyesight.
 s - the ring of Interdependent Arising (right hand) {rElec rC+ rN+ MR++ Dex-3 SInv}
   (You found it on level 6 of the Pits of Slime)

   [ring of see invisible]

   It affects your dexterity (-3).
   It protects you from cold.
   It insulates you from electricity.
   It protects you from negative energy.
   It affects your resistance to hostile enchantments.
   It enhances your eyesight.
 u - an uncursed ring of sustain abilities
 C - the ring "Quyllah" {rF+ Stlth-}
   (You found it on level 6 of the Pits of Slime)

   [ring of loudness]

   It protects you from fire.
   It makes you less stealthy.
 D - the ring of Robustness (left hand) {AC+8}
   (You found it on level 6 of the Pits of Slime)

   [ring of protection]

   It affects your AC (+8).
 L - the amulet of Xom's Bemusement (around neck) {Gourm rPois Str+2}
   (You found it on level 6 of the Pits of Slime)

   [amulet of the gourmand]

   It allows you to eat raw meat even when not hungry.
   It affects your strength (+2).
   It protects you from poison.
 O - a +4 ring of evasion
 P - the amulet "Cecofom" {rElec rF- Regen+ Str+2 Dex-2 Stlth+}
   (You found it on level 3 of the Elven Halls)

   [amulet of regeneration]

   It affects your strength (+2).
   It affects your dexterity (-2).
   It makes you vulnerable to fire.
   It insulates you from electricity.
   It increases your rate of regeneration.
   It makes you more stealthy.
Magical devices
 a - a wand of digging (5)
 f - a wand of fire (6)
 H - a wand of teleportation (5)
 K - a wand of digging (4)
 N - a wand of teleportation (5)
 T - a wand of digging (14)
Scrolls
 c - 3 scrolls of teleportation
 e - 2 scrolls of vulnerability
 j - 6 scrolls of recharging
 l - 9 scrolls of remove curse
 m - a scroll of fear
 o - 9 scrolls of identify
 q - 2 scrolls of fog
 Z - a scroll of holy word
Potions
 k - 2 potions of might
 r - a potion of resistance
 t - a potion of cancellation
 z - a potion of restore abilities
 A - 3 potions of lignification
 B - 4 potions of brilliance
 F - 2 potions of haste
 G - 8 potions of flight
 R - 4 potions of curing
 V - 4 potions of agility
 X - 4 potions of berserk rage
Books
 h - the Volume of Feathers and Attacks
   (You found it in a wizard's laboratory)

   Spells                             Type                      Level
   a - Repel Missiles                 Charms/Air                   2
   b - Mephitic Cloud                 Conjuration/Poison/Air       3
   c - Static Discharge               Conjuration/Air              3
   d - Summon Lightning Spire         Summoning/Air                4
   e - Silence                        Hexes/Air                    5
   f - Conjure Ball Lightning         Conjuration/Air              6
   g - Poisonous Cloud                Conjuration/Poison/Air       6
   h - Tornado                        Air                          9
 v - the Reference Book on Weightlessness and Conjuration
   (You found it in a wizard's laboratory)

   Spells                             Type                      Level
   a - Shock                          Conjuration/Air              1
   b - Swiftness                      Charms/Air                   2
   c - Static Discharge               Conjuration/Air              3
   d - Airstrike                      Air                          4
   e - Summon Lightning Spire         Summoning/Air                4
   f - Deflect Missiles               Charms/Air                   6
   g - Poisonous Cloud                Conjuration/Poison/Air       6
   h - Conjure Ball Lightning         Conjuration/Air              6
Miscellaneous
 U - a fan of gales (inert)
Comestibles
 g - a slice of pizza
 i - 8 meat rations
 E - 14 bread rations
 W - a beef jerky


   Skills:
 + Level 14.8 Fighting
 - Level 15.9 Maces & Flails
 - Level 2.0 Throwing
 - Level 8.3 Armour
 + Level 14.8 Dodging
 * Level 14.8 Shields
 - Level 12.0 Spellcasting
 - Level 3.0 Hexes
 - Level 5.0 Charms
 - Level 4.3 Necromancy
 * Level 15.4 Translocations
 * Level 6.2 Evocations


You had 5 spell levels left.
You knew the following spells:

 Your Spells              Type           Power        Failure   Level  Hunger
a - Phase Shift           Tloc           #######...   2%          5    ####...
b - Animate Skeleton      Necr           N/A          4%          1    None
c - Regeneration          Chrm/Necr      #####.....   9%          3    None
d - Apportation           Tloc           #######...   1%          1    None
e - Spectral Weapon       Hex/Chrm       #####...     11%         3    None
f - Repel Missiles        Chrm/Air       ####..       11%         2    None
g - Silence               Hex/Air        ####......   96%         5    ####...
h - Flight                Chrm/Air       ####......   19%         3    None
i - Singularity           Tloc           #######...   100%        9    #######
j - Controlled Blink      Tloc           N/A          26%         7    #######
k - Swiftness             Chrm/Air       ####....     11%         2    None


Dungeon Overview and Level Annotations

Branches:
Dungeon (15/15)            Temple (1/1) D:6            Lair (8/8) D:9
  Swamp (5/5) Lair:6        Snake (5/5) Lair:5        Slime (6/6) Lair:7
    Orc (4/4) D:9             Elf (3/3) Orc:4        Depths (5/5) D:15
    Zot (5/5) Depths:5
 Vaults: D:13-14

Altars:
Cheibriados
Dithmenos
Elyvilon
Fedhas
Kikubaaqudgha
Nemelex Xobeh
Okawaru
Qazlal
Ru
Xom
Yredelemnul
Zin
The Shining One
Jiyva

Shops:
D:6 *   D:8 (   D:10 %(   Orc:4 :%}:   Elf:2 ?((   Elf:3 %

Portals:
Hell: Depths:1 Depths:2
Abyss: Depths:2

Annotations:
D:7 Prince Ribbit
D:11 CrazyArbalest's ghost, powerful CeHu
Swamp:5 Lernaean hydra
Slime:6 Royal Jelly
Depths:3 exclusion: 2 oklob plants
Zot:5 1 exclusion


Innate Abilities, Weirdness & Mutations

You have very sharp teeth.
You have sharp toenails.
Your system is resistant to poisons.
You are resistant to electric shocks.
You heal slowly when monsters are visible.
You are weak. (Str -2)
Your spells are a little harder to cast, but a little more powerful.
You have acidic saliva.
Your body is partially covered in golden eyeballs (Acc +3).
Your skin is mostly translucent (Stealth, -foe acc).


Message History

The bolt of fire misses you.
The bolt of fire hits the orb of fire.
The orb of fire completely resists.
Found a glowing scale mail.
A golden dragon, an orb of fire, a black draconian and a tentacled monstrosity come into view.
Read which item? (? for menu, Esc to quit)
As you read the scroll of teleportation, it crumbles to dust.
You feel strangely unstable.
You block the tentacled monstrosity's attack.
You momentarily phase out as the tentacled monstrosity's attack passes through you.
The tentacled monstrosity tentacle-slaps you but does no damage.
The tentacled monstrosity completely misses you.
A mottled draconian comes into view. It is wielding a halberd.
Read which item? (? for menu, Esc to quit)
A powerful magic prevents control of your teleportation.
Your blink will be uncontrolled - continue anyway?
You blink.
As you read the scroll of blinking, it crumbles to dust.
The orb of fire glows deep purple.
The bolt of fire hits you! You resist.
You die...

**,,,,,,,,,,,,,,,,,,,***
**8,,,,##▓▓▓▓▓▓▓*****
**,,,,,..........▓***
**,,,,,.............,***
**,,,,,............%..,,**
*,,,,,,...............,,,* ****
*,,,,,,...............,,,***,,,
**,,,,.................,,**,,,,
**,,,........@........,,*,,,,,
**,,..?......*.......,,,,,,,,
**,,,,................,,*,,,,,
**,,,,,............d..d,,**,,,,
*,,,,,,...........q....,,***,,,
*,,,,,,................D,* ****
**,,,,,........§..d.....**
**,,,,......[X*..d...▓▓*
****,,...........▓▓▓▓


You could see 2 orbs of fire, a tentacled monstrosity, a black draconian, a
purple draconian, a pale draconian and a pale draconian scorcher.

Vanquished Creatures
  An ancient lich (Zot:5)
  A curse toe (Zot:5)
  A golden dragon (Depths:5)
  Nikola (Depths:1)
  An electric golem (Zot:2)
  An Ice Fiend (IceCv)
  7 Orb Guardians (Zot:5)
  5 tentacled monstrosities
  5 deep elf blademasters (Elf:3)
  A titan (Depths:2)
  A Cloud Mage (WizLab)
  A deep elf master archer (Elf:3)
  Asterion (Depths:2)
  Agnes (Depths:1)
  2 tengu reavers (Depths:1)
  4 octopode crushers (Depths:1)
  4 storm dragons
  A thorn hunter (Swamp:5)
  Frances (Snake:1)
  A draconian monk (Zig:1)
  8 greater nagas
  A fire giant (Depths:2)
  A draconian scorcher (Zot:2)
  4 frost giants
  2 deep elf sorcerers (Elf:3)
  Aizul (Snake:1)
  An angel (Depths:1)
  3 emperor scorpions
  Gastronok (Lair:1)
  A reaper (Zig:3)
  A spriggan defender (Depths:3)
  7 very ugly things
  A draconian annihilator (Zot:2)
  8 stone giants
  An apis (Depths:1)
  2 grey draconians (Zot:4)
  3 deep elf demonologists (Elf:3)
  2 vampire knights
  2 black draconians
  3 white draconians
  2 mottled draconians
  3 yellow draconians
  5 pale draconians
  4 red draconians
  10 deep elf annihilators (Elf:3)
  3 dire elephants
  A merfolk javelineer (Depths:3)
  12 ettins
  4 deep elf death magi (Elf:3)
  3 minotaurs
  The ghost of stefzke33 the Grappler, a powerful TrFi of Makhleb (Orc:3)
  Josephine (Snake:1)
  4 fire dragons
  6 rakshasas
  A merfolk impaler (Depths:1)
  The ghost of Gorice the Cruncher, a powerful DsWn of Okawaru (Volcano)
  2 yaktaur captains
  A deep elf high priest (Elf:3)
  6 ice dragons
  6 naga warriors
  Harold (D:13)
  7 ogre magi
  10 hydras
  3 spriggan air magi
  3 catoblepae (Lair:8)
  A death cob (Zot:3)
  2 centaur warriors
  A ghost crab (Swamp:5)
  An alligator (Swamp:1)
  19 death yaks
  An anaconda (Zig:2)
  4 deep troll earth magi
  5 tengu warriors (Depths:1)
  An orc high priest (Orc:3)
  6 naga sharpshooters (Snake:5)
  3 deep troll shamans
  A hell knight (Depths:2)
  3 spriggan berserkers
  2 spriggans
  A shock serpent (Snake:2)
  5 deep elf knights
  4 skeletal warriors (D:14)
  3 ice devils (IceCv)
  A spriggan druid (Swamp:5)
  6 deep trolls
  2 unseen horrors
  2 iron trolls (Depths:5)
  9 deep elf summoners
  An ice statue (IceCv)
  A shambling mangrove (Swamp:5)
  2 naga ritualists
  2 hill giants
  A necromancer (Depths:1)
  The ghost of Weresquid the Summoner, an experienced OpSu (D:8)
  4 swamp dragons
  Pikel (D:5)
  32 ugly things
  2 harpies (Depths:1)
  A sphinx zombie (Depths:1)
  3 mana vipers
  A mana viper (shapeshifter) (Depths:1)
  2 wolf spiders (Depths:3)
  An orc knight (Orc:2)
  4 cyclopes
  An oklob plant (Lair:4)
  9 deep elf conjurers
  5 moths of wrath
  4 orc sorcerers
  9 black mambas
  A manticore (Depths:3)
  6 elephants (Lair:7)
  3 draconians (shapeshifter)
  4 salamanders
  A rust devil (Zig:3)
  A gargoyle (D:15)
  A guardian serpent (Depths:3)
  10 spiny frogs
  2 torpor snails
  2 kobold demonologists (D:15)
  4 komodo dragons
  22 naga magi
  4 spectral swamp worms (Depths:1)
  8 yaktaurs
  4 anaconda simulacra (IceCv)
  A demonic crawler (Elf:3)
  2 fire drakes
  4 giant leeches
  A hellwing (Elf:3)
  5 deep elf priests
  2 tengu conjurers
  A freezing wraith (IceCv)
  A polar bear (Lair:8)
  17 two-headed ogres
  Sonja (D:14)
  A jumping spider (Elf:1)
  6 ravens (Depths:1)
  5 wind drakes (WizLab)
  A blue devil (Zig:3)
  2 trolls
  Grinder (D:5)
  A wolf spider simulacrum (IceCv)
  A fire dragon zombie (Zig:3)
  2 boulder beetles
  A frost giant simulacrum (Depths:1)
  A shadow (D:15)
  5 basilisks
  3 bog bodies
  14 deep elf magi
  48 yaks
  An ettin skeleton (Depths:1)
  8 blink frogs
  37 air elementals
  A trapdoor spider (D:15)
  5 wraiths (Snake:1)
  2 vampires (Depths:1)
  5 water elementals
  4 redbacks
  2 hungry ghosts
  A wyvern (D:15)
  2 dire elephant simulacra (IceCv)
  4 fire bats (Depths:5)
  3 harpy simulacra (IceCv)
  2 wandering mushrooms (Lair:6)
  13 deep elf fighters
  14 nagas
  6 hippogriffs
  4 wargs
  11 wolves
  3 iron troll simulacra (IceCv)
  6 insubstantial wisps (WizLab)
  A chaos spawn (Elf:3)
  21 water moccasins
  7 swamp worms
  22 orc warriors
  3 hydra simulacra (IceCv)
  4 ice beasts
  2 necrophages
  4 swamp drakes (Swamp:5)
  13 porcupines
  2 wasps
  A black bear (Lair:1)
  14 centaurs
  32 ogres
  An alligator simulacrum (IceCv)
  5 boggarts (D:15)
  A phantom (D:12)
  3 sky beasts
  12 crocodiles
  Sigmund (D:7)
  A brain worm (Lair:6)
  3 big kobolds
  Blork the orc (D:7)
  18 giant frogs
  A wyvern skeleton (D:14)
  A scorpion (D:4)
  A water moccasin skeleton (D:8)
  A glowing shapeshifter simulacrum (Depths:1)
  2 elephant simulacra (IceCv)
  7 killer bees (D:8)
  2 electric eels (Elf:3)
  2 quasits
  5 crimson imps
  3 wights (D:7)
  5 iguanas
  An iron imp (Zig:3)
  2 jellies
  9 orc wizards
  4 draconian simulacra (IceCv)
  14 orc priests
  A giant frog skeleton (D:10)
  13 hounds
  3 centaur skeletons
  8 worker ants
  2 spriggan simulacra (IceCv)
  4 hell rats
  A polar bear simulacrum (IceCv)
  A killer bee zombie (D:9)
  29 sheep
  3 troll simulacra (IceCv)
  A wolf simulacrum (IceCv)
  A centaur simulacrum (IceCv)
  A hound zombie (D:9)
  A hound skeleton (D:10)
  Robin (D:3)
  58 river rats
  4 gnolls (D:5)
  18 adders
  4 naga simulacra (IceCv)
  A giant mite (D:4)
  3 white imps (IceCv)
  A worm (D:4)
  7 ufetubi (IceCv)
  2 giant geckos
  151 orcs
  2 ball pythons (D:6)
  A bat skeleton (D:6)
  A giant cockroach (D:3)
  13 hobgoblins
  5 jackals
  9 quokkas
  9 bats
  2 giant newts (D:4)
  19 goblins
  18 kobolds
  2 rats
  A briar patch (Swamp:5)
1331 creatures vanquished.

Vanquished Creatures (collateral kills)
  A storm dragon (Zot:5)
  An ice devil (IceCv)
  A deep elf mage (Elf:2)
  A swamp dragon simulacrum (IceCv)
4 creatures vanquished.

Vanquished Creatures (others)
  The ghost of dysrexia the Tengu Blade, a great TeBe of Trog (Slime:6)
  A tentacled monstrosity (Zot:4)
  4 acid blobs (Slime:6)
  An azure jelly (IceCv)
  A draconian scorcher (Zot:5)
  58 spectral weapons
  2 great orbs of eyes (Depths:1)
  A deep elf summoner (Elf:3)
  3 moths of wrath (Zot:4)
  A catoblepas skeleton (Lair:8)
  A jumping spider (Elf:3)
  An air elemental (Zot:5)
  15 slime creatures
  A deep elf mage (Elf:3)
  A deep elf fighter (Elf:1)
  2 golden eyes (Slime:6)
  2 water moccasins
  A swamp drake (Swamp:5)
  3 boggarts (Depths:1)
  A lost soul (Elf:3)
  A giant frog (Lair:4)
  A polar bear skeleton (Lair:8)
  95 jellies
  An orc wizard (D:15)
  A sheep (Lair:8)
  A river rat (Lair:8)
  3 adders
  A naga simulacrum (IceCv)
  A white imp (IceCv)
  4 ufetubi (IceCv)
  2 orcs
  A hobgoblin (Orc:2)
  A kobold (D:5)
  A quokka (Lair:1)
  A bat (D:5)
  A goblin (D:5)
  A rat (D:5)
  A bush (D:9)
  2 butterflies (Lair:8)
  2 fungi
  3 plants
226 creatures vanquished.

Grand Total: 1561 creatures vanquished

Notes
Turn   | Place    | Note
--------------------------------------------------------------
     0 | D:1      | timbw, the Human Arcane Marksman, began the quest for the Orb.
     0 | D:1      | Reached XP level 1. HP: 15/15 MP: 2/2
    34 | D:1      | Reached skill level 1 in Maces & Flails
    75 | D:1      | Reached XP level 2. HP: 12/21 MP: 3/3
   377 | D:3      | Noticed Robin
   400 | D:3      | Killed Robin
   400 | D:3      | Reached XP level 3. HP: 13/26 MP: 4/4
   416 | D:3      | HP: 1/26 [goblin[Robin] (1)]
   791 | D:3      | Noticed a giant frog
   804 | D:3      | Killed a giant frog
   804 | D:3      | Reached skill level 4 in Maces & Flails
   804 | D:3      | Reached XP level 4. HP: 17/32 MP: 5/5
   804 | D:3      | Reached XP level 5. HP: 19/37 MP: 7/7
  1391 | D:4      | Found a basalt altar of Yredelemnul.
  1401 | D:4      | Reached skill level 5 in Maces & Flails
  1422 | D:4      | Reached XP level 6. HP: 29/43 MP: 8/8
  1786 | D:4      | Reached skill level 6 in Maces & Flails
  1914 | D:5      | Entered Level 5 of the Dungeon
  1926 | D:5      | Reached XP level 7. HP: 26/48 MP: 9/9
  2152 | D:5      | Noticed Grinder
  2154 | D:5      | Paralysed by Grinder for 5 turns
  2184 | D:5      | Killed Grinder
  2184 | D:5      | Reached skill level 7 in Maces & Flails
  2516 | D:5      | Noticed a slave
  2517 | D:5      | Noticed Pikel
  2517 | D:5      | Noticed a slave
  2517 | D:5      | Noticed a slave
  2517 | D:5      | Noticed a slave
  2544 | D:5      | Killed Pikel
  2544 | D:5      | Reached skill level 8 in Maces & Flails
  2544 | D:5      | Reached XP level 8. HP: 6/58 MP: 10/10
  3387 | D:6      | Found a staircase to the Ecumenical Temple.
  3403 | D:6      | Found Lemeun's Serpentskin Sales.
  3423 | D:6      | Reached XP level 9. HP: 14/65 MP: 11/11
  3673 | Temple   | Entered the Ecumenical Temple
  3801 | D:7      | Reached skill level 9 in Maces & Flails
  4233 | D:7      | Noticed Prince Ribbit
  4257 | D:8      | Found Noepn's Antique Weapon Shoppe.
  4262 | D:8      | Reached skill level 5 in Dodging
  4272 | D:8      | Bought a glowing dire flail for 136 gold pieces
  4392 | D:8      | Reached skill level 5 in Fighting
  4405 | D:8      | Reached skill level 10 in Maces & Flails
  4412 | D:8      | Reached XP level 10. HP: 41/75 MP: 13/13
  4543 | D:8      | Found a glowing silver altar of Zin.
  4550 | D:8      | Noticed Weresquid's ghost (experienced OpSu)
  4568 | D:8      | Killed Weresquid's ghost
  4606 | D:8      | HP: 3/76 [poisoned by Weresquid's ghost]
  4759 | D:7      | Noticed Blork the orc
  4895 | D:7      | Killed Blork the orc
  4895 | D:7      | Reached skill level 11 in Maces & Flails
  5326 | D:7      | Found a snail-covered altar of Cheibriados.
  6507 | D:9      | Reached XP level 11. HP: 71/84 MP: 14/14
  6526 | D:9      | Reached skill level 12 in Maces & Flails
  6724 | D:9      | Found a staircase to the Lair.
  7046 | D:9      | Found a sparkling altar of Nemelex Xobeh.
  7131 | D:10     | Entered Level 10 of the Dungeon
  7155 | D:10     | Found Bluizach's Food Shop.
  7387 | D:10     | Found Crell's Weapon Shop.
  8028 | D:11     | Noticed CrazyArbalest's ghost (powerful CeHu)
  8301 | Lair:1   | Entered Level 1 of the Lair of Beasts
  8386 | Lair:1   | Reached skill level 13 in Maces & Flails
  8787 | Lair:1   | Reached XP level 12. HP: 94/94 MP: 15/15
  9105 | Lair:1   | Noticed Gastronok
  9426 | Lair:2   | Identified a scroll of acquirement
  9597 | Lair:2   | Learned a level 1 spell: Animate Skeleton
  9747 | Lair:3   | Reached skill level 14 in Maces & Flails
 10333 | Lair:4   | Learned a level 3 spell: Regeneration
 10337 | Lair:4   | Learned a level 3 spell: Inner Flame
 10341 | Lair:4   | Learned a level 3 spell: Spectral Weapon
 10344 | Lair:4   | Learned a level 1 spell: Apportation
 10455 | Lair:5   | Found a staircase to the Snake Pit.
 10690 | Lair:6   | Noticed an eight-headed hydra
 10834 | Lair:6   | Reached XP level 13. HP: 103/103 MP: 16/16
 10921 | Lair:7   | Reached skill level 10 in Fighting
 10950 | Lair:7   | Found a staircase to the Slime Pits.
 10952 | Lair:7   | Found a viscous altar of Jiyva.
 10960 | Lair:7   | Became a worshipper of Jiyva Jeiddaos the Shapeless
 10995 | Lair:7   | Reached skill level 10 in Dodging
 11055 | Lair:7   | Acquired Jiyva's first power
 11118 | Lair:7   | Reached skill level 15 in Maces & Flails
 11155 | Lair:7   | Found a dark tunnel.
 11161 | Volcano  | Entered a volcano
 11161 | Volcano  | Noticed Gorice's ghost (powerful DsWn)
 11167 | Volcano  | Killed Gorice's ghost
 11222 | Volcano  | Acquired Jiyva's second power
 11471 | Lair:8   | Entered Level 8 of the Lair of Beasts
 11498 | Lair:8   | Reached skill level 1 in Translocations
 11560 | Lair:8   | Reached skill level 1 in Charms
 11574 | Lair:8   | Reached skill level 1 in Necromancy
 11635 | Lair:8   | Gained mutation: You have very sharp teeth. [Jiyva's grace]
 11677 | Lair:8   | Acquired Jiyva's third power
 11807 | Lair:8   | Gained mutation: Your rubbery body absorbs attacks (AC +1). [Jiyva's grace]
 12026 | Lair:8   | Reached XP level 14. HP: 36/111 MP: 9/23
 12290 | Lair:8   | Acquired Jiyva's fourth power
 12545 | Lair:8   | Gained mutation: You have acidic saliva. [Jiyva's grace]
 13201 | Lair:6   | Killed an eight-headed hydra
 13214 | Lair:6   | Found a staircase to the Swamp.
 13472 | Lair:5   | Gained mutation: Your flesh is cold resistant. [Jiyva's grace]
 13574 | Lair:5   | Learned a level 5 spell: Phase Shift
 13748 | Lair:2   | Gained mutation: Thin tendrils of slime have grown from your body. [Jiyva's grace]
 14340 | Lair:1   | Killed Gastronok
 14530 | D:9      | Gained mutation: You are agile. (Dex +2) [Jiyva's grace]
 14567 | D:9      | Noticed a red ugly thing
 14575 | D:9      | Killed a red ugly thing
 14575 | D:9      | Reached skill level 5 in Charms
 14576 | D:9      | Found a staircase to the Orcish Mines.
 14766 | Lair:6   | Lost mutation: You are agile. (Dex +2) [Jiyva's grace]
 14815 | Slime:1  | Entered Level 1 of the Pits of Slime
 14833 | Slime:1  | Noticed an acid blob
 14835 | Slime:2  | Noticed an acid blob
 14839 | Slime:3  | Noticed an acid blob
 14845 | Slime:4  | Noticed an acid blob
 14851 | Slime:5  | Noticed an acid blob
 14860 | Slime:6  | Entered Level 6 of the Pits of Slime
 14866 | Slime:6  | Noticed an acid blob
 14870 | Slime:6  | Noticed the royal jelly
 14870 | Slime:6  | Noticed an azure jelly
 14872 | Slime:6  | Found a viscous altar of Jiyva.
 14874 | Slime:6  | Noticed an acid blob
 14879 | Slime:6  | Noticed an acid blob
 14879 | Slime:6  | Lost mutation: Your flesh is cold resistant. [Jiyva's grace]
 14880 | Slime:6  | Got a transparent silver ring
 14890 | Slime:6  | Noticed an acid blob
 14890 | Slime:6  | Gained mutation: You have a small jelly attached to you that senses nearby items. [Jiyva's grace]
 14891 | Slime:6  | Noticed an acid blob
 14891 | Slime:6  | Killed an acid blob
 14892 | Slime:6  | Noticed an acid blob
 14893 | Slime:6  | Noticed an acid blob
 14899 | Slime:6  | Noticed an acid blob
 14899 | Slime:6  | Got a smoking copper ring
 14910 | Slime:6  | Got a wavering graven amulet
 14915 | Slime:6  | Killed an acid blob
 14928 | Slime:6  | Noticed dysrexia's ghost (great TeBe)
 14939 | Slime:6  | Got a crude brass ring
 14941 | Slime:6  | Got a slimy rune of Zot
 14952 | Slime:6  | Killed an acid blob
 14956 | Slime:6  | Killed an acid blob
 14956 | Slime:6  | Killed dysrexia's ghost
 14970 | Slime:6  | Identified the ring of Interdependent Arising {rElec rC+ rN+ MR++ Dex-3 SInv} (You found it on level 6 of the Pits of Slime)
 14972 | Slime:6  | Identified the ring "Shreirie" {Ice rElec rPois Str-5 Int+4 Dex-3} (You found it on level 6 of the Pits of Slime)
 14974 | Slime:6  | Identified the ring "Quyllah" {rF+ Stlth-} (You found it on level 6 of the Pits of Slime)
 14975 | Slime:6  | Identified the amulet of Xom's Bemusement {Gourm rPois Str+2} (You found it on level 6 of the Pits of Slime)
 15007 | Slime:6  | Got a spiked scale mail
 15018 | Slime:6  | Identified the +5 scale mail "Kipho" {+Blink rC- MR- Regen+ Int-2} (You found it on level 6 of the Pits of Slime)
 15028 | Slime:6  | Got a slimy plate armour
 15034 | Slime:6  | Identified the +4 plate armour of Luamoum {+Fly} (You found it on level 6 of the Pits of Slime)
 15110 | Slime:1  | Noticed an acid blob
 15231 | Lair:3   | Reached skill level 5 in Spellcasting
 15411 | D:7      | Noticed Sigmund
 15429 | D:7      | Killed Sigmund
 15461 | D:6      | Bought a +2 shield of poison resistance for 277 gold pieces
 15486 | D:7      | Gained mutation: You are partially covered in rugged brown scales (AC +1, +3% HP). [Jiyva's grace]
 15585 | Orc:1    | Entered Level 1 of the Orcish Mines
 15772 | Orc:2    | Gained mutation: Your muscles are strong. (Str +2) [Jiyva's grace]
 15867 | Orc:3    | Reached skill level 1 in Shields
 15879 | Orc:3    | Noticed stefzke33's ghost (powerful TrFi)
 15897 | Orc:3    | Killed stefzke33's ghost
 15897 | Orc:3    | Reached skill level 5 in Translocations
 15927 | Orc:3    | Lost mutation: You are partially covered in rugged brown scales (AC +1, +3% HP). [Jiyva's grace]
 15949 | Orc:3    | Reached XP level 15. HP: 119/119 MP: 27/27
 15998 | Orc:3    | Gained mutation: You have difficulty communicating with the divine. [Jiyva's grace]
 16155 | Orc:2    | Gained mutation: Your muscles are very strong. (Str +4) [Jiyva's grace]
 16200 | Orc:4    | Entered Level 4 of the Orcish Mines
 16223 | Orc:4    | Noticed Saint Roka
 16275 | Orc:3    | Slimified Saint Roka
 16275 | Orc:3    | Noticed Saint Roka
 16275 | Orc:3    | Saint Roka changed into Saint Roka the acid blob
 16315 | Orc:3    | Gained mutation: Your flesh is heat resistant. [Jiyva's grace]
 16408 | Orc:4    | Found Phoph's Book Emporium.
 16509 | Orc:4    | Found Cipticog's Gadget Boutique.
 16509 | Orc:4    | Found Kher's Book Shoppe.
 16509 | Orc:4    | Found Qamniet's Food Boutique.
 16669 | Orc:4    | Found a staircase to the Elven Halls.
 16684 | Elf:1    | Entered Level 1 of the Elven Halls
 16927 | Elf:1    | Found a magical portal.
 16930 | WizLab   | Entered The Chambers of Isangocw the Cloud Mage
 17077 | WizLab   | Reached skill level 5 in Shields
 17235 | WizLab   | Noticed Isangocw
 17263 | WizLab   | Killed Isangocw the Cloud Mage
 17299 | WizLab   | Identified the Reference Book on Weightlessness and Conjuration
 17322 | WizLab   | Identified the Volume of Feathers and Attacks
 17326 | WizLab   | Learned a level 2 spell: Repel Missiles
 17507 | Elf:2    | Found Guafezuu's Weapon Shop.
 17540 | Elf:2    | Reached XP level 16. HP: 102/127 MP: 30/30
 17563 | Elf:3    | Entered Level 3 of the Elven Halls
 17577 | Elf:2    | Found Meahiac's Antique Weapon Emporium.
 17639 | Elf:3    | Found Ysiung's Food Shoppe.
 17788 | Elf:3    | Noticed a deep elf blademaster
 17803 | Elf:3    | Killed a deep elf blademaster
 17839 | Elf:3    | Noticed a deep elf blademaster
 17869 | Elf:3    | Killed a deep elf blademaster
 17932 | Elf:3    | Noticed a deep elf master archer
 17933 | Elf:3    | Noticed a deep elf blademaster
 17974 | Elf:3    | Killed a deep elf master archer
 17998 | Elf:3    | Killed a deep elf blademaster
 18013 | Elf:3    | Gained mutation: You are agile. (Dex +2) [Jiyva's grace]
 18123 | Elf:3    | Noticed a deep elf blademaster
 18123 | Elf:3    | Noticed a deep elf blademaster
 18141 | Elf:3    | Killed a deep elf blademaster
 18244 | Elf:3    | Gained mutation: You have a small jelly attached to you that may absorb incoming projectiles. [Jiyva's grace]
 18370 | Elf:3    | Killed a deep elf blademaster
 18378 | Elf:3    | Got a fine amber ring
 18416 | Elf:3    | Reached XP level 17. HP: 132/134 MP: 29/33
 18424 | Elf:3    | Identified the ring "Sieth" {rC++ MP-9 Dex+2 SInv} (You took it off a deep elf blademaster on level 3 of the Elven Halls)
 18429 | Elf:3    | Identified the Compendium of Enchanting Conjuration
 18501 | Elf:3    | Noticed a Brimstone Fiend
 18512 | Elf:3    | Noticed an Ice Fiend
 18536 | Elf:3    | Gained mutation: Your body is partially covered in golden eyeballs (Acc +3). [Jiyva's grace]
 18666 | Elf:3    | Noticed a Brimstone Fiend
 18720 | Elf:3    | Lost mutation: Thin tendrils of slime have grown from your body. [Jiyva's grace]
 18748 | Elf:3    | Lost mutation: Your muscles are very strong. (Str +4) [Jiyva's grace]
 18778 | Elf:3    | Got a transparent ruby amulet
 18780 | Elf:3    | Identified the amulet "Cecofom" {rElec rF- Regen+ Str+2 Dex-2 Stlth+} (You found it on level 3 of the Elven Halls)
 18808 | Elf:3    | Lost mutation: You are agile. (Dex +2) [Jiyva's grace]
 18891 | Elf:2    | Found Neutileg's Magic Scroll Shoppe.
 19003 | Orc:4    | Bought an Akashic Record for 1766 gold pieces
 19009 | Orc:4    | Learned a level 5 spell: Silence
 19011 | Orc:4    | Identified a +1 rod of inaccuracy (11/11) (You took it off a deep elf annihilator on level 3 of the Elven Halls)
 19249 | Snake:1  | Entered Level 1 of the Snake Pit
 19307 | Snake:1  | Noticed Frances
 19318 | Snake:1  | Killed Frances
 19375 | Snake:1  | Gained mutation: You are resistant to electric shocks. [Jiyva's grace]
 19421 | Snake:1  | Noticed Josephine
 19427 | Snake:1  | Killed Josephine
 19524 | Snake:1  | Lost mutation: You have a small jelly attached to you that senses nearby items. [Jiyva's grace]
 19531 | Snake:1  | Noticed Aizul
 19542 | Snake:1  | Killed Aizul
 19832 | Snake:5  | Entered Level 5 of the Snake Pit
 19850 | Snake:5  | Reached skill level 10 in Translocations
 20117 | Snake:5  | Reached skill level 10 in Spellcasting
 20479 | Snake:5  | Got a serpentine rune of Zot
 20547 | Snake:5  | Reached XP level 18. HP: 106/142 MP: 28/35
 20622 | Snake:5  | Gained mutation: You are agile. (Dex +2) [Jiyva's grace]
 20819 | Swamp:1  | Entered Level 1 of the Swamp
 20828 | Swamp:1  | Learned a level 3 spell: Flight
 20981 | Swamp:2  | Gained mutation: Your flesh is cold resistant. [Jiyva's grace]
 21081 | Swamp:5  | Entered Level 5 of the Swamp
 21137 | Swamp:5  | Reached skill level 10 in Shields
 21162 | Swamp:5  | Found a frozen archway.
 21198 | IceCv    | Entered an ice cave
 21529 | IceCv    | Noticed an Ice Fiend
 21609 | IceCv    | Killed an Ice Fiend
 21664 | IceCv    | Got a faintly humming hat
 21675 | IceCv    | Identified the +2 hat "Shroplevear" {rF+ rCorr Stlth+} (You found it in an ice cave)
 21827 | Swamp:5  | Noticed the 27-headed Lernaean hydra
 21838 | Swamp:5  | Lost mutation: You are agile. (Dex +2) [Jiyva's grace]
 21866 | Swamp:5  | Got a decaying rune of Zot
 22188 | D:11     | Noticed a cyclops
 22195 | D:11     | Killed a cyclops
 22289 | D:13     | Noticed Harold
 22294 | D:13     | Killed Harold
 22424 | D:15     | Entered Level 15 of the Dungeon
 22502 | D:15     | Found a staircase to the Depths.
 22654 | D:14     | Gained mutation: Your skin is partially translucent (Stealth, -foe acc). [Jiyva's grace]
 22702 | D:14     | Noticed Sonja
 22711 | D:14     | Killed Sonja
 22873 | D:15     | Learned a level 9 spell: Singularity
 23103 | Depths:1 | Entered Level 1 of the Depths
 23125 | D:15     | Reached XP level 19. HP: 142/149 MP: 33/36
 23172 | D:15     | Lost mutation: Your muscles are strong. (Str +2) [Jiyva's grace]
 23214 | Depths:1 | Noticed Nikola
 23228 | Depths:1 | Killed Nikola
 23259 | Depths:1 | Noticed Agnes
 23276 | Depths:1 | Killed Agnes
 23562 | Depths:1 | Reached skill level 1 in Armour
 23605 | Depths:1 | Found a gateway to a ziggurat.
 23624 | Depths:1 | Gained mutation: You expend magic power (3 MP) to slightly strengthen your wands. [Jiyva's grace]
 23638 | Zig:1    | Entered Level 1 of a ziggurat
 23711 | Zig:2    | Entered Level 2 of a ziggurat
 23727 | Zig:2    | Reached XP level 20. HP: 157/157 MP: 32/37
 23737 | Zig:3    | Entered Level 3 of a ziggurat
 23774 | Zig:4    | Entered Level 4 of a ziggurat
 23774 | Zig:4    | Noticed a pearl dragon
 23884 | Depths:1 | Gained mutation: You passively map a small area around you. [Jiyva's grace]
 23925 | Depths:1 | Lost mutation: You expend magic power (3 MP) to slightly strengthen your wands. [Jiyva's power]
 23926 | Depths:1 | Lost mutation: You have difficulty communicating with the divine. [Jiyva's power]
 23964 | Depths:1 | Lost mutation: Your flesh is heat resistant. [Jiyva's grace]
 24110 | Depths:2 | Lost mutation: You have a small jelly attached to you that may absorb incoming projectiles. [Jiyva's grace]
 24158 | Depths:2 | Learned a level 7 spell: Controlled Blink
 24159 | Depths:2 | Got a pitted lead amulet
 24160 | Depths:2 | Identified the amulet of Makhleb's Favour {Inacc Int+4} (You found it on level 2 of the Depths)
 24210 | Depths:2 | Reached skill level 5 in Armour
 24210 | Depths:2 | Reached XP level 21. HP: 145/164 MP: 32/38
 24284 | Depths:2 | Gained mutation: Your skin is mostly translucent (Stealth, -foe acc). [Jiyva's grace]
 24534 | Depths:2 | Lost mutation: Your flesh is cold resistant. [Jiyva's grace]
 24535 | Depths:2 | Found a gateway to Hell.
 24682 | Depths:2 | Noticed Asterion
 24701 | Depths:2 | Killed Asterion
 24722 | Depths:2 | Found a one-way gate to the infinite horrors of the Abyss.
 24770 | Depths:2 | Gained mutation: Your spells are a little harder to cast, but a little more powerful. [Jiyva's grace]
 24793 | Depths:2 | Gained mutation: You tend to lose your temper in combat. [Jiyva's grace]
 24794 | Depths:2 | Lost mutation: You tend to lose your temper in combat. [Jiyva's power]
 25220 | Depths:4 | Lost mutation: You passively map a small area around you. [Jiyva's grace]
 25375 | Depths:4 | Gained mutation: Your system is resistant to poisons. [Jiyva's grace]
 25417 | Depths:4 | Lost mutation: Your rubbery body absorbs attacks (AC +1). [Jiyva's grace]
 25465 | Depths:5 | Entered Level 5 of the Depths
 25594 | Depths:5 | Reached XP level 22. HP: 163/173 MP: 36/38
 25617 | Depths:5 | Noticed a golden dragon
 25640 | Depths:5 | Killed a golden dragon
 25699 | Depths:5 | Found a gate to the Realm of Zot.
 25705 | Zot:1    | Entered Level 1 of the Realm of Zot
 25828 | Zot:2    | Reached skill level 1 in Evocations
 26198 | Zot:3    | Gained mutation: You have sharp toenails. [Jiyva's grace]
 26205 | Zot:3    | Reached skill level 15 in Translocations
 26322 | Zot:5    | Entered Level 5 of the Realm of Zot
 26380 | Zot:5    | Noticed a curse toe
 26411 | Zot:5    | Killed a curse toe
 26652 | Zot:5    | Reached skill level 5 in Evocations
 26711 | Zot:5    | Learned a level 2 spell: Swiftness
 26726 | Zot:5    | Noticed an ancient lich
 26741 | Zot:5    | Killed an ancient lich
 26777 | Zot:5    | Reached XP level 23. HP: 172/180 MP: 26/39
 26816 | Zot:5    | Noticed an orb of fire
 26825 | Zot:5    | Gained mutation: You are weak. (Str -2) [an orb of fire]
 26826 | Zot:5    | Gained mutation: You heal slowly when monsters are visible. [an orb of fire]
 26845 | Zot:5    | HP: 8/180 [orb of fire/fireball (28)]
 26850 | Zot:5    | HP: 5/180 [orb of fire/fireball (27)]
 26853 | Zot:5    | Noticed an orb of fire
 26853 | Zot:5    | Noticed an orb of fire
 26853 | Zot:5    | Noticed a golden dragon
 26854 | Zot:5    | Killed from afar by an orb of fire

Action                   |  1- 3 |  4- 6 |  7- 9 | 10-12 | 13-15 | 16-18 | 19-21 | 22-24 || total
-------------------------+-------+-------+-------+-------+-------+-------+-------+-------++-------
Melee: Whip              |    83 |    26 |       |       |       |       |       |       ||   109
       Unarmed           |     3 |       |       |       |       |       |       |       ||     3
       Flail             |       |    40 |   164 |       |       |       |       |       ||   204
       Dire flail        |       |       |    40 |   899 |   353 |       |       |       ||  1292
       Demon whip        |       |       |       |       |   817 |  1015 |   847 |   411 ||  3090
Throw: Javelin           |     5 |     2 |     3 |     4 |     1 |       |       |       ||    15
       Throwing net      |     2 |       |     2 |     1 |     1 |       |       |       ||     6
 Cast: Animate Skeleton  |       |       |       |       |     2 |       |       |       ||     2
       Spectral Weapon   |       |       |       |       |    27 |    51 |    44 |    25 ||   147
       Regeneration      |       |       |       |       |    16 |    38 |    21 |    14 ||    89
       Apportation       |       |       |       |       |     4 |     2 |       |     1 ||     7
       Repel Missiles    |       |       |       |       |       |    15 |     2 |     1 ||    18
       Phase Shift       |       |       |       |       |       |     6 |    13 |    14 ||    33
       Flight            |       |       |       |       |       |     2 |       |       ||     2
Invok: Request Jelly     |       |       |       |       |     8 |       |       |       ||     8
       Jelly Paralyse    |       |       |       |       |     7 |     1 |       |       ||     8
       Slimify           |       |       |       |       |     1 |       |       |     1 ||     2
       Cure Bad Mutation |       |       |       |       |       |       |     4 |       ||     4
Evoke: Wand              |       |       |     1 |     2 |     1 |     2 |     1 |       ||     7
       Deck              |       |       |       |     6 |       |       |       |       ||     6
       Fan of gales      |       |       |       |       |       |       |       |     1 ||     1
  Use: Potion            |     2 |       |     4 |     3 |     5 |     6 |     1 |     6 ||    27
       Scroll            |       |       |     8 |    21 |     9 |    15 |     3 |     7 ||    63
 Stab: Held in net/web   |     2 |       |     1 |     2 |       |       |       |       ||     5
       Invisible         |       |       |     3 |    10 |       |       |       |       ||    13
       Sleeping          |       |       |     1 |     2 |     1 |     7 |     2 |     2 ||    15
       Distracted        |       |       |       |       |     5 |     5 |     7 |     7 ||    24
       Confused          |       |       |       |       |       |     7 |    10 |     3 ||    20
  Eat: Bread ration      |       |     1 |       |       |       |       |       |       ||     1
       Chunk             |       |       |     5 |    24 |     8 |       |       |       ||    37
       Royal jelly       |       |       |     1 |       |       |       |       |       ||     1
       Beef jerky        |       |       |       |     1 |       |       |       |       ||     1
       Fruit             |       |       |       |       |     2 |       |       |       ||     2
